 Dungeon Crawl Stone Soup version 0.20.1-1-g8b1a95d (webtiles) character file.

914 Zedayar the Ruffian (level 7, 0/67 HPs)
             Began as a Troll Fighter on Sept 7, 2017.
             Killed from afar by an electric eel (11 damage)
             ... with a bolt of electricity
             ... on level 6 of the Dungeon.
             The game lasted 00:05:14 (3885 turns).

Zedayar the Ruffian (Troll Fighter)                 Turns: 3885, Time: 00:05:14

Health: 0/67       AC:  5    Str: 27    XL:     7   Next: 82%
Magic:  6/6        EV:  8    Int:  4    God:
Gold:   289        SH:  9    Dex:  9    Spells: 6/6 levels left

rFire    . . .     SeeInvis .     - Unarmed
rCold    + . .     Gourm    +   b - +0 shield
rNeg     . . .     Faith    .   a - +0 robe
rPois    .         Spirit   .   (helmet restricted)
rElec    .         Reflect  .   (no cloak)
rCorr    .         Harm     .   (gloves unavailable)
MR       .....                  (boots unavailable)
Stlth    +.........             (no amulet)
Regen    0.7/turn               A - ring of protection from cold
MPRegen  0.1/turn               (no ring)

@: no status effects
A: unfitting armour, claws 3, fast metabolism 3, gourmand, regeneration 1,
shaggy fur 1, tough skin 2
a: no special abilities


You were on level 6 of the Dungeon.
You were not hungry.

You visited 1 branch of the dungeon, and saw 6 of its levels.

You collected 289 gold pieces.

Inventory:

Armour
 a - a +0 robe (worn)
 b - a +0 shield (worn)
Jewellery
 A - a ring of protection from cold (left claw)
Wands
 y - a wand of enslavement (13/24)
Scrolls
 e - 6 scrolls of teleportation {unknown}
 n - a scroll of fog {unknown}
 o - a scroll of remove curse {unknown}
 p - a scroll of blinking {unknown}
 r - a scroll of fear {unknown}
 s - 2 scrolls of random uselessness {unknown}
 t - 2 scrolls of enchant weapon {unknown}
 z - a scroll of enchant armour {unknown}
Potions
 c - 3 potions of might
 f - a potion of haste {unknown}
 g - 2 potions of cancellation
 i - 2 potions of flight {unknown}
 j - 3 potions of heal wounds
 k - 2 potions of ambrosia {unknown}
 l - 3 potions of curing
 u - a potion of invisibility {unknown}
 w - a potion of mutation {unknown}
Books
 v - the Handbook of the Immovable Emperors
   (You found it on level 5 of the Dungeon)

   Spells                             Type                      Level
   a - Flame Tongue                   Conjuration/Fire             1
   b - Throw Flame                    Conjuration/Fire             2
   c - Ignite Poison                  Fire/Transmutation/Poison    3
   d - Inner Flame                    Hexes/Fire                   3
 x - a book of Minor Magic

   Spells                             Type                      Level
   a - Magic Dart                     Conjuration                  1
   b - Blink                          Translocation                2
   c - Call Imp                       Summoning                    2
   d - Slow                           Hexes                        2
   e - Conjure Flame                  Conjuration/Fire             3
   f - Mephitic Cloud                 Conjuration/Poison/Air       3
Comestibles
 d - 6 bread rations
 h - 2 royal jellies
 m - a meat ration
 q - 5 fruits


   Skills:
 + Level 3.4 Fighting
 - Level 2.4 Dodging
 + Level 0.5 Stealth
 + Level 3.8 Shields
 * Level 7.8 Unarmed Combat


You had 6 spell levels left.
You didn't know any spells.

Dungeon Overview and Level Annotations

Branches:
Dungeon (6/15)
 Temple: D:4-7

Altars:
Elyvilon
Hepliaklqana
Makhleb
Qazlal
Sif Muna
Zin

Shops:
D:6 *


Innate Abilities, Weirdness & Mutations

You are too large for most types of armour.
You have claws for hands.
Your metabolism is lightning-fast.
You like to eat raw meat.
Your natural rate of healing is unusually fast.
You are covered in fur. (AC +1)
You have very tough skin. (AC +2)


Message History

You are too injured to fight recklessly!
There are monsters nearby!
You are too injured to fight recklessly!
There are monsters nearby!
You are too injured to fight recklessly!
You closely miss the bullfrog. You block the bullfrog's attack.
The electric eel shoots out a bolt of lightning at you!
The bolt of electricity hits you!
You scratch the bullfrog but do no damage.
The bullfrog hits you but does no damage.
You mangle the bullfrog!!
You kill the bullfrog!
The electric eel shoots out a bolt of lightning at you!
The bolt of electricity hits you!
* * * LOW HITPOINT WARNING * * *
The electric eel shoots out a bolt of lightning at you!
The bolt of electricity hits you!
* * * LOW HITPOINT WARNING * * *
The bolt of electricity hits you!
You die...

.# ### .# #.. .. # #.
#.###. .### ##.###
#.#.. #.≈≈≈
##....#####.#.#..≈≈≈≈
###.........#.#.#..≈≈∩≈
..................;≈.≈
#...#.###.###@#...≈.
#..#.###.# #.......#
#.......# #####.###
###.##### #.# #.# #.#
## #.# .# #.#


You could see an electric eel.

Vanquished Creatures
  2 sky beasts
  A hornet zombie (D:6)
  A centaur (D:5)
  A bullfrog (D:6)
  A water moccasin zombie (D:5)
  A howler monkey (D:5)
  A bullfrog zombie (D:5)
  An orc priest (D:3)
  5 orc wizards
  2 worker ants
  A howler monkey zombie (D:5)
  6 adders
  2 shadow imps
  4 oozes
  A worm (D:3)
  3 leopard geckos
  5 orcs
  A ball python (D:3)
  3 giant cockroaches
  3 hobgoblins
  5 jackals
  6 kobolds
  2 quokkas
  5 bats
  3 frilled lizards
  6 goblins
  A quokka skeleton (D:4)
  6 rats
79 creatures vanquished.

Notes
Turn   | Place    | Note
-------+----------+-------------------------------------------
     0 | D:1      | Zedayar the Troll Fighter began the quest for the Orb.
     0 | D:1      | Reached XP level 1. HP: 22/22 MP: 0/0
    73 | D:1      | Reached XP level 2. HP: 22/29 MP: 1/1
   700 | D:2      | Found a white marble altar of Elyvilon.
   720 | D:2      | Reached XP level 3. HP: 33/36 MP: 2/2
   925 | D:2      | Reached skill level 3 in Unarmed Combat
  1152 | D:2      | Found a deep blue altar of Sif Muna.
  1646 | D:3      | Reached XP level 4. HP: 44/44 MP: 3/3
  1729 | D:3      | Reached skill level 4 in Unarmed Combat
  1739 | D:3      | Reached XP level 5. HP: 7/52 MP: 4/4
  1743 | D:3      | HP: 2/52 [worm (6)]
  2133 | D:4      | Reached skill level 5 in Unarmed Combat
  2156 | D:4      | Reached XP level 6. HP: 29/61 MP: 5/5
  2170 | D:4      | Found a burning altar of Makhleb.
  2236 | D:4      | Found a glowing silver altar of Zin.
  2238 | D:4      | Found a stormy altar of Qazlal.
  2617 | D:4      | Noticed a sky beast
  2623 | D:4      | Killed a sky beast
  2626 | D:4      | Found a hazy altar of Hepliaklqana.
  2913 | D:5      | Entered Level 5 of the Dungeon
  2919 | D:5      | Identified the Handbook of the Immovable Emperors
  2988 | D:5      | Reached skill level 6 in Unarmed Combat
  3128 | D:5      | Reached XP level 7. HP: 67/67 MP: 6/6
  3500 | D:5      | Reached skill level 7 in Unarmed Combat
  3879 | D:6      | Found Guoleb's General Store.
  3885 | D:6      | Killed from afar by an electric eel

Skill      XL: |  1  2  3  4  5  6  7 |
---------------+----------------------+-----
Unarmed Combat | 3 4 5 6 7 |  7.8
Shields        | 3 |  3.8
Fighting       | 3 |  3.4
Dodging        | |  2.4
Stealth        | |  0.5

Action                   |  1- 3 |  4- 6 |  7- 9 || total
-------------------------+-------+-------+-------++-------
Melee: Unarmed           |   106 |   123 |    41 ||   270
  Use: Potion            |       |     5 |       ||     5
 Stab: Sleeping          |     1 |       |       ||     1
  Eat: Chunk             |    14 |     9 |     2 ||    25
       Bread ration      |       |     1 |     1 ||     2
Armor: Robe              |    27 |    44 |     8 ||    79
Dodge: Dodged            |    28 |    50 |     8 ||    86
Block: Shield            |    41 |    44 |    15 ||   100
